 Dungeon Crawl Stone Soup version 0.30.0-29-ga12c61a403 (webtiles) character file.

Game seed: 15115526035038161583

411 Fodor the Covered (level 6, -5/56 HPs)
             Began as a Minotaur Fighter on June 12, 2023.
             Killed by divine providence
             ... invoked by an orc priest
              (16 damage)
             ... on level 4 of the Dungeon.
             The game lasted 00:22:27 (4298 turns).

Fodor the Covered (Minotaur Fighter)                Turns: 4298, Time: 00:22:28

Health: -5/56      AC:  7    Str: 21    XL:     6   Next: 58%
Magic:  5/5        EV: 10    Int:  5    God:
Gold:   201        SH:  5    Dex: 11    Spells: 5/5 levels left

rFire   . . .        q - +2 dagger (venom)
rCold   . . .        c - +0 buckler
rNeg    . . .        b - +0 scale mail
rPois   .            (helmet restricted)
rElec   .            (no cloak)
rCorr   .            (no gloves)
SInv    .            (no boots)
Will    .....        (no amulet) Stlth
                     (no ring)
HPRegen 0.29/turn    (no ring)
MPRegen 0.09/turn

%: no passive effects
@: no status effects
A: horns 2, retaliatory headbutt
a: no special abilities


You were on level 4 of the Dungeon.
You visited 1 branch of the dungeon, and saw 4 of its levels.
You also visited: Sewer.

You collected 201 gold pieces.

Inventory:

Hand Weapons
 a - a +0 long sword
 q - a +2 dagger of venom (weapon)
Missiles
 e - 5 poisoned darts (quivered)
 g - 36 stones
Armour
 b - a +0 scale mail (worn)
 c - a +0 buckler (worn)
 i - a +3 leather armour of poison resistance
Jewellery
 x - a ring of positive energy
Wands
 y - a wand of charming (8)
Scrolls
 f - a scroll of blinking
 l - a scroll of brand weapon
 m - 4 scrolls of enchant armour
 n - a scroll of vulnerability {unknown}
 o - a scroll of teleportation {unknown}
 p - a scroll of torment {unknown}
 u - a scroll of magic mapping {unknown}
 v - a scroll of poison {unknown}
Potions
 d - 2 potions of might
 h - 6 potions of flight
 j - 2 potions of curing {unknown}
 k - 2 potions of haste {unknown}
 r - a potion of heal wounds {unknown}
 s - 2 potions of invisibility {unknown}
 t - a potion of berserk rage {unknown}
 w - a potion of attraction {unknown}


   Skills:
 + Level 5.3 Fighting
 + Level 2.1(3.2) Short Blades
 + Level 3.9(4.2) Long Blades
 + Level 0.6 Throwing
 + Level 5.4 Armour
 + Level 1.9 Dodging
 + Level 0.3 Stealth
 + Level 4.7 Shields


You had 5 spell levels left.
You didn't know any spells.
Your spell library was empty.

Dungeon Overview and Level Annotations

Branches:
Dungeon (4/15)              Sewer (visited)
 Temple: D:4-7

Altars:
Fedhas

Shops:
D:1 [


Innate Abilities, Weirdness & Mutations

You have a pair of horns on your head.
You reflexively headbutt those who attack you in melee.


Message History

You kill the steam dragon!
The steam dragon scales are intact enough to wear.
The quokka closely misses you.
An orc comes into view. It is wielding a +0 dagger.
You block the quokka's attack.
Your base Short Blades skill increases to level 2!
Your Armour skill increases to level 5!
You hit the quokka.
The quokka is poisoned.
Your headbutt misses the quokka.
The quokka is moderately wounded.
The quokka misses you.
You hit the quokka.
You kill the quokka!
An orc priest comes into view. It is wielding a +0 whip.
The orc priest shouts!
The orc priest invokes the aid of Beogh against you.
Beogh smites you!
You hear a shout!
You see here a quokka corpse.
An orc comes into view. It is wielding a +0 flail.
The orc shouts!
You block the worm's attack.
Things that are here:
+0 steam dragon scales; a steam dragon corpse You hit the worm.
The worm is poisoned.
The worm is lightly wounded.
An orc comes into view. It is wielding a +0 mace.
The worm bites you.
* * * LOW HITPOINT WARNING * * *
You barely miss the worm. You headbutt the worm.
The worm is heavily wounded.
The orc closely misses you. You furiously retaliate!
You headbutt the orc!
You kill the orc!
You hit the worm.
The worm looks as sick as possible!
The worm is severely wounded.
The worm bites you.
* * * LOW HITPOINT WARNING * * *
The orc priest begins to cast a cantrip, but forgets the words!
The orc priest invokes the aid of Beogh against you.
Beogh smites you!
You die...

#######.#### #....#
####)# # # ####.#### #.
#####.# #...)...#
.##...#.### #.##.##.#
...#......
#<##.##.#####......###
#...............o.......
...#.##.##...@.w.oo...###
#.##.##.#####†........
#.......# ##.....###
####.##.# ###.###.#
#.##.## #...# .#
#.#...###.#.###.#
#.........#.....#
###...#######.### ##.##
#.#


You could see a worm (very poisoned), an orc priest and 2 orcs.

Vanquished Creatures
  A steam dragon (D:4)
  An iguana (D:4)
  7 adders
  7 river rats
  4 worms
  4 dart slugs
  2 orcs
  13 ball pythons
  7 endoplasms
  6 giant cockroaches
  9 goblins
  11 hobgoblins
  8 jackals
  6 kobolds
  4 quokkas
  9 bats
  6 frilled lizards
  7 rats
112 creatures vanquished.

Notes
Turn   | Place    | Note
-------+----------+-------------------------------------------
     0 | D:1      | Fodor the Minotaur Fighter began the quest for the Orb.
     0 | D:1      | Reached XP level 1. HP: 19/19 MP: 0/0
   370 | D:1      | Reached XP level 2. HP: 25/25 MP: 1/1
   429 | D:1      | Found Bureur's Antique Armour Boutique.
  1038 | D:2      | Reached XP level 3. HP: 33/33 MP: 2/2
  1765 | D:2      | Found a faded altar of an unknown god.
  1853 | D:2      | Reached XP level 4. HP: 20/41 MP: 3/3
  2895 | D:3      | Found a glowing drain.
  2926 | Sewer    | Entered a sewer
  2991 | Sewer    | Reached XP level 5. HP: 32/47 MP: 4/4
  3053 | Sewer    | Reached skill level 5 in Fighting
  3129 | Sewer    | Reached skill level 1 in Dodging
  3730 | D:3      | Reached skill level 1 in Short Blades
  4012 | D:4      | Reached XP level 6. HP: 29/56 MP: 5/5
  4169 | D:4      | Found a blossoming altar of Fedhas.
  4280 | D:4      | Noticed a steam dragon
  4287 | D:4      | Killed a steam dragon
  4288 | D:4      | Reached skill level 5 in Armour
  4298 | D:4      | Killed from afar by an orc priest

Illustrated notes

Levels and vault maps discovered:
D:1:      saegor_arrival_simple_e, layout_basic, serial_shops,
          nicolae_shop_trees, minmay_misc_feat_chi, item_on_display_a
D:2:      layout_loops_ring, shapermc_ecumenical_altar_pompeii,
          nicolae_hexahallways, dk_noncrumbling_3, chequers_serial_rivers_marsh
D:3:      minmay_chambers_of_twos, layout_loops_corners, portal_sewer_entry_b
D:4:      layout_loops_ring, fedhas_altar_3, grunt_ministairs_3,
          uniq_crazy_yiuf_cottage, uniq_ijyb

Skill      XL: |  1  2  3  4  5  6 |
---------------+-------------------+-----
Fighting       | 4 5 |  5.3
Shields        | 4 |  4.7
Long Blades    | 3 |  3.9
Armour         | 4 5 |  5.4
Dodging        | 1 |  1.9
Short Blades   | 1 2 |  2.1
Throwing       | |  0.6
Stealth        | |  0.3

Action                     |  1- 3 |  4- 6 || total
---------------------------+-------+-------++-------
  Melee: Long sword        |    90 |    16 ||   106
         Headbutt          |    13 |    26 ||    39
         Dagger            |       |   173 ||   173
  Throw: Dart              |    10 |       ||    10
    Use: Scroll            |       |     4 ||     4
 Armour: Scale mail        |    40 |   108 ||   148
  Dodge: Dodged            |    40 |   107 ||   147
  Block: Buckler           |    29 |    51 ||    80
